AoeStats
← HijoClauAmen

Arena

504153971Analyzed
4v4 RM · 28d ago on Sep 4, 2026· 55m 30s· 8 players
Game mode
Random Map
Map size
Large (8 player)
Population
200
Speed
Normal
Resources
Standard
Victory
Conquest
Starting age
Dark Age
Ending age
Imperial Age
RankedLock teamsTeams togetherTeam positionsShared explorationLock speedFull tech treeHidden civsTurbo modeCheats
Victory
Defeat
🇲🇽 Romans · Mexico
909
+11
🇲🇽 Franks · Mexico
876
+13
🇲🇽 Malay · Mexico
867
+13
🇲🇽 Khmer · Mexico
854
+14
🇨🇴 Khmer · Colombia
847
-14
🇦🇷 Hindustanis · Argentina
814
-13
🇨🇳 Khitans · China
785
-12
🇦🇷 Chinese · Argentina
780
-12
AI
10:25 Feudal Age
17:17 Castle Age
15:53 Double-Bit Axe
18:14 Domestication
19:58 Pastoralism
22:00 Bow Saw
23:08 Gold Mining
32:30 Imperial Age
31:45 Scale Mail Armor
31:56 Forging
33:45 Conscription
35:16 Wheelbarrow
35:32 Iron Casting
35:13 Chain Mail Armor
35:01 Elite Liao Dao
36:37 Hand Cart
37:38 Loom
38:32 Iron Casting
38:12 Chain Mail Armor
38:40 Ballistics
40:26 Two-Man Saw
Judaaf
6:08 Loom
10:28 Feudal Age
11:00 Double-Bit Axe
10:59 Horse Collar
17:20 Castle Age
16:39 Stone Mining
16:43 Gold Mining
18:02 Heavy Plow
18:15 Bow Saw
23:07 Wheelbarrow
25:18 Hand Cart
26:37 Stone Shaft Mining
26:42 Gold Shaft Mining
29:33 Imperial Age
30:42 Conscription
31:57 Crop Rotation
31:54 Scale Barding Armor
31:59 Forging
32:52 Chemistry
31:17 Elite Ballista Elephant
31:57 Town Watch
34:22 Double Crossbow
35:31 Chain Barding Armor
35:49 Iron Casting
37:20 Town Patrol
37:26 Caravan
40:30 Plate Barding Armor
40:56 Blast Furnace
41:49 Bloodlines
41:40 Husbandry
41:13 Cavalier
42:21 Light Cavalry
44:50 Hussar
45:42 Scale Mail Armor
HijoClauAmen
8:30 Loom
11:00 Feudal Age
17:32 Castle Age
19:13 Double-Bit Axe
19:27 Gold Mining
19:20 Horse Collar
27:25 Bloodlines
27:16 Husbandry
34:00 Imperial Age
31:46 Bow Saw
32:12 Gold Shaft Mining
31:43 Heavy Plow
31:43 Stone Mining
33:11 Scale Mail Armor
33:22 Forging
38:21 Onager
43:12 Light Cavalry
45:31 Chemistry
44:52 Ballistics
45:00 Hussar
45:38 Pikeman
46:19 Squires
jeredino123
12:41 Feudal Age
13:57 Wheelbarrow
13:10 Double-Bit Axe
13:10 Horse Collar
13:55 Gold Mining
20:42 Castle Age
21:49 Hand Cart
21:36 Heavy Plow
21:53 Bow Saw
23:44 Gold Shaft Mining
27:49 Padded Archer Armor
27:40 Fletching
28:48 Leather Archer Armor
32:57 Imperial Age
33:18 Caravan
33:19 Bodkin Arrow
35:03 Chemistry
35:40 Two-Man Saw
35:50 Ballistics
36:33 Heavy Rocket Cart
38:38 Elite Chu Ko Nu
41:18 Ring Archer Armor
40:48 Bracer
Chekesin89
6:35 Loom
11:50 Feudal Age
17:01 Castle Age
17:11 Double-Bit Axe
17:08 Horse Collar
22:07 Gold Mining
24:29 Wheelbarrow
28:01 Bow Saw
27:54 Heavy Plow
30:03 Hand Cart
34:48 Imperial Age
33:46 Bloodlines
33:42 Husbandry
34:47 Gold Shaft Mining
34:52 Tusk Swords
35:15 Heavy Scorpion
38:25 Chemistry
37:16 Heated Shot
37:48 Ballistics
37:24 Murder Holes
37:43 Scale Barding Armor
37:49 Forging
37:31 Fletching
37:43 Elite Ballista Elephant
42:56 Double Crossbow
44:05 Padded Archer Armor
44:01 Bodkin Arrow
46:00 Leather Archer Armor
45:45 Bracer
50:40 Ring Archer Armor
50:32 Chain Barding Armor
Matarreyes
5:56 Loom
13:48 Feudal Age
17:17 Double-Bit Axe
20:46 Castle Age
21:44 Crossbowman
23:39 Town Watch
24:31 Ballistics
25:02 Bow Saw
26:31 Murder Holes
26:32 Stone Mining
26:34 Gold Mining
27:59 Elite Skirmisher
28:37 Pikeman
32:05 Wheelbarrow
32:48 Squires
33:43 Fortified Wall
34:58 Husbandry
43:09 Imperial Age
40:58 Scale Barding Armor
44:03 Chain Barding Armor
43:53 Forging
44:30 Hand Cart
44:16 Town Patrol
44:22 Cavalier
46:48 Gold Shaft Mining
47:17 Plate Barding Armor
47:18 Iron Casting
46:21 Paladin
48:41 Scale Mail Armor
52:47 Blast Furnace
52:03 Chain Mail Armor
53:48 Fletching
53:58 Padded Archer Armor
Skull king
0:55 Loom
11:28 Feudal Age
17:29 Castle Age
19:37 Wheelbarrow
19:55 Double-Bit Axe
20:50 Bow Saw
21:28 Horse Collar
22:22 Heavy Plow
24:01 Stone Mining
24:52 Hand Cart
30:15 Imperial Age
28:38 Fletching
28:14 Man-at-Arms
29:45 Bodkin Arrow
30:24 Crop Rotation
30:12 Forging
31:09 Squires
30:34 Long Swordsman
32:14 Gold Mining
34:07 Gold Shaft Mining
34:56 Forced Levy
34:23 Two-Handed Swordsman
35:34 Conscription
37:04 Iron Casting
46:32 Blast Furnace
49:23 Chemistry
48:43 Ballistics
48:19 Murder Holes
53:36 Scale Barding Armor
53:32 Bracer
53:19 Elite Battle Elephant
54:33 Husbandry
Odiseo
11:43 Feudal Age
12:22 Feudal Age
17:36 Castle Age
15:54 Double-Bit Axe
16:04 Gold Mining
15:57 Horse Collar
25:56 Imperial Age
24:04 Wheelbarrow
24:12 Stone Mining
24:41 Bow Saw
24:43 Heavy Plow
25:51 Gold Shaft Mining
26:28 Hand Cart
26:10 Loom
27:59 Town Watch
28:21 Heavy Scorpion
29:43 Ballistics
33:18 Chemistry
31:46 Onager
35:58 Ballistas
39:58 Conscription
40:10 Siege Engineers
39:43 Capped Ram
42:53 Siege Ram
46:15 Forging
46:06 Scale Mail Armor
45:56 Fletching
46:43 Man-at-Arms
47:24 Squires
47:50 Comitatenses
48:06 Comitatenses
49:10 Long Swordsman
50:19 Legionary
51:39 Iron Casting
51:20 Chain Mail Armor
53:45 Crop Rotation
Connection lost

Rejoining the realm…

Still unreachable

The connection could not be restored.

Session expired

The server has moved on; the page needs a fresh start.